 Dungeon Crawl Stone Soup version 0.31-a0-844-gdc52ec4e09 (webtiles) character file.

Game seed: 17577775615620930237

289 lunkers the Insei (level 6, -3/70 HPs)
             Began as a Meteoran Shapeshifter on Sept 28, 2023.
             Slain by a gnoll
             ... wielding a +0 halberd
             ... led by a gnoll bouda
              (4 damage)
             ... on level 4 of the Dungeon.
             The game lasted 00:02:50 (1576 turns).

lunkers the Insei (Meteoran Shapeshifter)           Turns: 1576, Time: 00:02:51

Health: -3/70      AC: 23    Str: 15    XL:     6   Next: 89%
Magic:  7/7        EV:  2    Int: 12    God:
Gold:   128        SH:  5    Dex: 16    Spells: 5/5 levels left

rFire   . .          .
                       - Unarmed
rCold   . . .        (no shield)
rNeg    . . .        e - melded +0 scale mail
rPois   +            (helmet currently unavailable)
rElec   .            (cloak currently unavailable)
rCorr   .            (gloves currently unavailable)
SInv    .            (boots currently unavailable)
Will    .....        n - amulet of reflection
Stlth   +            (no ring)
HPRegen 0.31/turn    (no ring)
MPRegen 0.10/turn

%: reflection
@: tree-form, glowing
A: stationary, stasis, torment immunity, boosted hp, sense surroundings 1,
otherworldly, glowing, explore regen
a: no special abilities


You were on level 4 of the Dungeon.
You were a tree.
You visited 1 branch of the dungeon, and saw 4 of its levels.

You collected 128 gold pieces.

Inventory:

Armour
 a - a +0 animal skin
 e - a +0 scale mail (melded)
 g - a +0 pair of gloves
Jewellery
 m - a ring of fire
 n - an amulet of reflection (around neck)
Talismans
 c - a beast talisman
 d - a flux talisman
 q - a flux talisman
Scrolls
 f - a scroll of torment {unknown}
 j - 2 scrolls of fog {unknown}
 l - a scroll of revelation {unknown}
 o - a scroll of butterflies {unknown}
 r - a scroll of immolation {unknown}
Potions
 h - a potion of brilliance {unknown}
 i - 2 potions of might {unknown}
 k - a potion of curing {unknown}
 p - a potion of invisibility {unknown}


   Skills:
 - Level 1.1 Fighting
 - Level 2.1 Dodging
 * Level 7.0 Unarmed Combat
 + Level 5.3 Shapeshifting


You had 5 spell levels left.
You didn't know any spells.
Your spell library contained the following spells:

 Spells                   Type           Power      Damage    Failure   Level
 Cigotuvi's Dreadful Rot  Necr/Pois/Air  0%         N/A       45%         2
 Dispel Undead            Necr           0%         3d6       97%         4
 Death Channel            Necr           0%         N/A       100%        6


Dungeon Overview and Level Annotations

Branches:
Dungeon (4/15) Zot: 843
 Temple: D:4-7

Altars:
Sif Muna

Shops:
D:1 !

Annotations:
D:4 Dowan, Duvessa, Sigmund


Innate Abilities, Weirdness & Mutations

You are a tree.
Your roots penetrate the ground, keeping you stationary.
You cannot be teleported.
You are immune to unholy pain and torment.
Your maximum health is greatly increased.
Your equipment is partially melded.
You passively map a small area around you.
You are easily found by Zot.
You glow in the dark.
You regain HP and MP as you explore.


Message History

The ball python constricts you. Duvessa hits you with a +0 short sword.
* * * LOW HITPOINT WARNING * * *
The gnoll hits you from afar with a +0 halberd.
* * * LOW HITPOINT WARNING * * *
The gnoll hits you but does no damage. You block the goblin's attack.
The hobgoblin hits you but does no damage.
You block the goblin's attack.
Unknown command.
Unknown command.
Smack: -) Branches
Press: ? - help, Dir - move target, f - ball python
Aim: a ball python (constricting you, about 36% to evade your branches)
You smack the ball python!
You kill the ball python!
Unknown command.
Smack: -) Branches
Press: ? - help, Dir - move target, f - Duvessa
Aim: Duvessa, wielding a +0 short sword and wearing a +0 leather armour (about 30% to evade your branches)
You smack Duvessa!
Duvessa is moderately wounded.
Something hits you but does no damage. The gnoll hits you but does no damage.
The goblin hits you but does no damage. The gnoll hits you but does no damage.
The hobgoblin hits you but does no damage.
The goblin hits you but does no damage.
Unknown command.
You cannot move.
You hit Duvessa.
Duvessa is heavily wounded.
You block the gnoll's attack. The goblin hits you but does no damage.
You block the gnoll's attack. Duvessa hits you but does no damage.
The hobgoblin hits you but does no damage.
The goblin hits you but does no damage. Something hits you!
* * * LOW HITPOINT WARNING * * *
You barely miss Duvessa.
Duvessa is heavily wounded.
The gnoll hits you from afar with a +0 halberd!
* * * LOW HITPOINT WARNING * * *
You block the gnoll's attack. The goblin hits you but does no damage.
The gnoll hits you from afar with a +0 halberd.
You die...

, , , .........#*
..........*
.........#
........., ,
......... * ,
........### ,
......))#.# *
#.....e♣g.###### ,
#....gegg......## ,
. .....gg.........##
,
.........###[.>....#
,
#(####.g##.)).....#
.#.......##.......##
, , <..
#(............# *
...###.......#...##
.............##.##


You could see Duvessa, Dowan, a gnoll bouda, 3 gnolls, a hobgoblin and 2
goblins.

Vanquished Creatures
  A hound (D:3)
  Jessica (D:3)
  3 orc wizards (D:3)
  Robin (D:4)
  A gnoll (D:4)
  3 adders
  5 worms
  14 orcs
  4 ball pythons
  5 endoplasms
  6 giant cockroaches
  12 goblins
  8 hobgoblins
  7 kobolds
  2 quokkas (D:3)
  5 bats
  2 frilled lizards (D:3)
  4 rats
84 creatures vanquished.

Notes
Turn   | Place    | Note
-------+----------+-------------------------------------------
     0 | D:1      | lunkers the Meteoran Shapeshifter began the quest for the
                  | Orb.
     0 | D:1      | Reached XP level 1. HP: 16/16 MP: 2/2
   140 | D:1      | Reached skill level 4 in Unarmed Combat
   140 | D:1      | Reached XP level 2. HP: 23/23 MP: 3/3
   176 | D:1      | Found Xety's Distillery.
   501 | D:1      | Glimpsed the power of Zot.
   551 | D:1      | Glimpsed the power of Zot.
   604 | D:2      | Reached XP level 3. HP: 27/28 MP: 4/4
   731 | D:2      | Found a shimmering blue altar of Sif Muna.
   746 | D:2      | Reached XP level 4. HP: 35/35 MP: 5/5
  1003 | D:2      | Reached skill level 5 in Unarmed Combat
  1107 | D:2      | Glimpsed the power of Zot.
  1279 | D:3      | Reached XP level 5. HP: 39/40 MP: 6/6
  1285 | D:3      | Noticed Jessica
  1297 | D:3      | Killed Jessica
  1301 | D:3      | Reached skill level 6 in Unarmed Combat
  1452 | D:3      | Reached XP level 6. HP: 45/47 MP: 7/7
  1479 | D:3      | Reached skill level 5 in Shapeshifting
  1546 | D:4      | Noticed Robin
  1554 | D:4      | Killed Robin
  1555 | D:4      | Reached skill level 7 in Unarmed Combat
  1561 | D:4      | Noticed Duvessa
  1565 | D:4      | Noticed Sigmund
  1570 | D:4      | Noticed Dowan
  1576 | D:4      | HP: 1/70 [gnoll/+0 halberd[a gnoll bouda] (8)]
  1576 | D:4      | Slain by a gnoll

Illustrated notes

Levels and vault maps discovered:
D:1:      reono_arrival_mine, layout_loops_corners, serial_shops,
          nicolae_shop_rolling_square
D:2:      layout_loops_ring, hellmonk_ecumenical_altar_defaced_shrine,
          basic_altar, patterned_corridor
D:3:      layout_basic, chequers_serial_rivers_micro_e,
          hangedman_decor_clover_reticule, uniq_jessica
D:4:      layout_cave_pools, uniq_sigmund, uniq_duvessa, uniq_robin,
          uniq_eustachio

Skill      XL: |  1  2  3  4  5  6 |
---------------+-------------------+-----
Unarmed Combat | 4 5 6 7 |  7.0
Shapeshifting  | 4 5 |  5.3
Fighting       | |  1.1
Dodging        | |  2.1

Action                     |  1- 3 |  4- 6 || total
---------------------------+-------+-------++-------
  Melee: Unarmed           |    57 |   141 ||   198
         Punch             |     2 |     4 ||     6
    Use: Potion            |       |     1 ||     1
 Armour: Scale mail        |    28 |    75 ||   103
         Skin              |       |    79 ||    79
  Dodge: Dodged            |    18 |    47 ||    65
  Block: Other             |       |    31 ||    31

Table legend: (Time is in decaauts)
 A = Elapsed time spent in this place.
 B = Non-inter-level travel time spent in this place.
 C = Inter-level travel time spent in this place.
 D = Time resting spent in this place.
 E = Time spent auto-exploring this place.
 F = Levels seen in this place.
 G = Mean time per level.
                   A        B        C        D        E       F      G
               +--------+--------+--------+--------+--------+-----+--------+
         Total |   1555 |   1506 |     49 |      0 |   1046 |   4 |  388.8 |
       Dungeon |   1555 |   1506 |     49 |      0 |   1046 |   4 |  388.8 |
               +--------+--------+--------+--------+--------+-----+--------+

Top non-repeatable levels by time:
     D:2: 560 daAuts
     D:1: 551 daAuts
     D:3: 395 daAuts
     D:4: 47 daAuts
